 Dungeon Sprint DCSS version 0.28.0-43-g3370ac3207 (webtiles) character file.

Game seed: 18060932859177767259

463 boopmooplesden the Carver (level 6, -10/68 HPs)
             Began as a Minotaur Berserker on Mar 17, 2022.
             Was an Elder of Trog.
             Mangled by a fire elemental (12 damage)
             ... summoned by a deep elf pyromancer
             ... in the Dungeon (Sprint III: "The Ten Rune Challenge").
             The game lasted 00:01:30 (787 turns).

boopmooplesden the Carver (Minotaur Berserker)       Turns: 787, Time: 00:01:31

Health: -10/68     AC:  5    Str: 20    XL:     6   Next: 79%
Magic:  5/5        EV: 13    Int:  4    God:    Trog [****..]
Gold:   35         SH:  0    Dex: 11    Spells: 5/5 levels left

rFire   . . .      SeeInvis .   a - +0 falchion
rCold   . . .      Faith    .   (no shield)
rNeg    . . .      Spirit   .   b - +0 animal skin
rPois   .          Reflect  .   (helmet restricted)
rElec   .          Harm     .   p - +0 cloak
rCorr   .          Rampage  .   (no gloves)
Will    .....      NoTele   +   (no boots)
Stlth   ++........              (no amulet)
HPRegen 0.21/turn               (no ring)
MPRegen 0.09/turn               (no ring)

@: on berserk cooldown, slowed, very slow
A: horns 2, retaliatory headbutt, hooves 1, iridescent scales 1, mutation
resistance 1, weak 1
a: Renounce Religion, Berserk, Trog's Hand, Brothers in Arms


You were in the Dungeon.
You worshipped Trog.
Trog was greatly pleased with you.
You visited 1 branch You collected 35 gold pieces.

Inventory:

Hand Weapons
 a - a +0 falchion (weapon)
Armour
 b - a +0 animal skin (worn)
 p - a +0 cloak (worn)
Scrolls
 h - a scroll of blinking
 i - a scroll of fear {unknown}
 k - a scroll of immolation {unknown}
 l - 2 scrolls of identify {unknown}
 o - a scroll of torment {unknown}
Potions
 c - 3 potions of curing
 e - a potion of haste
 f - 2 potions of magic
 g - a potion of berserk rage
 j - a potion of might
 m - a potion of lignification {unknown}
 n - 3 potions of flight


   Skills:
 + Level 11.3 Fighting
 + Level 11.7 Long Blades
 + Level 5.7 Armour
 + Level 5.5 Dodging
 + Level 1.3 Stealth


You had 5 spell levels left.
You didn't know any spells.
Your spell library was empty.

Dungeon Overview and Level Annotations

Branches:
Dungeon (1/1)

Altars:
Dithmenos
Elyvilon
Okawaru
Ru
Trog
Uskayaw
Wu Jian
Yredelemnul
Zin
The Shining One
Beogh


Innate Abilities, Weirdness & Mutations

You have a pair of horns on your head.
You reflexively headbutt those who attack you in melee.
You have large cloven feet.
You are partially covered in iridescent scales. (AC +2)
You are somewhat resistant to further mutation.
You are weak. (Str -2)


Message History

The fire elemental misses you.
The deep elf pyromancer gestures wildly while chanting.
You slash the fire elemental! You kick the fire elemental.
The fire elemental is heavily damaged.
The fire elemental misses you.
You barely miss the fire elemental. You kick the fire elemental.
The fire elemental is heavily damaged.
The fire elemental hits you. The fire elemental burns you!
The deep elf pyromancer mumbles some strange words.
The deep elf pyromancer blinks!
The fire elemental misses you.
You hit the fire elemental.
You headbutt the fire elemental, but do no damage.
The fire elemental is severely damaged.
The fire elemental hits you. The fire elemental burns you!
* * * LOW HITPOINT WARNING * * *
You barely miss the fire elemental. Your kick misses the fire elemental.
You headbutt the fire elemental!
The fire elemental is almost destroyed.
The fire elemental misses you. You furiously retaliate!
You headbutt the fire elemental!
You destroy the fire elemental!
The fire elemental disappears in a puff of smoke!
You aren't carrying any items that you can evoke.
You feel much better. The fire elemental hits you.
The fire elemental burns you!
You closely miss the fire elemental. You headbutt the fire elemental.
The fire elemental is lightly damaged.
The fire elemental hits you. The fire elemental burns you!
* * * LOW HITPOINT WARNING * * *
The fire elemental hits you. The fire elemental burns you!
* * * LOW HITPOINT WARNING * * *
Unknown command.
Unknown command.
You slash the fire elemental! You kick the fire elemental.
The fire elemental is heavily damaged.
The fire elemental barely misses you.
You hit the fire elemental. Your kick misses the fire elemental.
The fire elemental is heavily damaged.
The fire elemental hits you. The fire elemental burns you!
You die...

▓▓▓▓▓▓▓▓ ▓▓▓ #..'...♣♣♣♣
♣.############ #..#....♣.♣
♣.#___#___#__# ####.....♣♣
♣.#@E.#__)#._#
...#....≈.♣♣♣♣.###'#'###)##
...#...≈≈..♣♣..#...°...☼..#
...#..≈≈≈≈.....'.⌠........#
##'#..≈≈≈≈≈≈♣♣.#...######+#
.†.#.≈≈≈≈≈≈....#.⌠.#
...#.≈≈≈≈≈.....#...#
...#.≈≈≈.......#+###
####...........#


You could see a fire elemental (summoned).

Vanquished Creatures
  A necrophage (D)
  A water elemental (D)
  A necromancer (D)
  3 humans (D)
  A phantom (D)
  2 endoplasms (D)
  2 rats (D)
11 creatures vanquished.

Notes
Turn   | Place    | Note
-------+----------+-------------------------------------------
     0 | D        | boopmooplesden the Minotaur Berserker began the quest for
                  | the Orb.
     0 | D        | Reached XP level 1. HP: 19/19 MP: 0/0
   107 | D        | Reached ** piety under Trog
   137 | D        | Reached skill level 5 in Fighting
   137 | D        | Reached skill level 5 in Long Blades
   137 | D        | Reached XP level 2. HP: 23/29 MP: 1/1
   280 | D        | Reached *** piety under Trog
   441 | D        | Gained mutation: Your spells are a little easier to cast,
                  | but a little less powerful. [potion of mutation]
   441 | D        | Gained mutation: You tend to lose your temper in combat.
                  | [potion of mutation]
   442 | D        | Lost mutation: Your spells are a little easier to cast, but
                  | a little less powerful. [potion of mutation]
   442 | D        | Lost mutation: You tend to lose your temper in combat.
                  | [potion of mutation]
   442 | D        | Gained mutation: You have an increased reservoir of magic.
                  | (+10% MP) [potion of mutation]
   442 | D        | Gained mutation: Armour fits poorly on your strangely
                  | shaped body. [potion of mutation]
   442 | D        | Gained mutation: You have a pair of large horns on your
                  | head. [potion of mutation]
   443 | D        | Lost mutation: You have an increased reservoir of magic.
                  | (+10% MP) [potion of mutation]
   443 | D        | Lost mutation: You have a pair of large horns on your head.
                  | [potion of mutation]
   443 | D        | Lost mutation: Armour fits poorly on your strangely shaped
                  | body. [potion of mutation]
   443 | D        | Gained mutation: You have large cloven feet. [potion of
                  | mutation]
   443 | D        | Gained mutation: You are partially covered in iridescent
                  | scales. (AC +2) [potion of mutation]
   443 | D        | Gained mutation: You are weak. (Str -2) [potion of
                  | mutation]
   443 | D        | Gained mutation: You are somewhat resistant to further
                  | mutation. [potion of mutation]
   462 | D        | Noticed a water elemental
   465 | D        | Killed a water elemental
   466 | D        | Reached XP level 3. HP: 39/39 MP: 2/2
   466 | D        | Reached XP level 4. HP: 47/47 MP: 3/3
   608 | D        | Found a basalt altar of Yredelemnul.
   608 | D        | Found a shadowy altar of Dithmenos.
   608 | D        | Found a sacrificial altar of Ru.
   608 | D        | Noticed a necrophage
   611 | D        | Killed a necrophage
   612 | D        | Reached XP level 5. HP: 56/56 MP: 4/4
   661 | D        | Found a hide-covered altar of Uskayaw.
   661 | D        | Found an iron altar of Okawaru.
   663 | D        | Found a bloodstained altar of Trog.
   663 | D        | Found an ornate altar of the Wu Jian Council.
   663 | D        | Noticed a human
   663 | D        | Noticed a human
   666 | D        | Killed a human
   666 | D        | Reached **** piety under Trog
   667 | D        | Reached skill level 10 in Fighting
   667 | D        | Reached skill level 10 in Long Blades
   667 | D        | Reached skill level 5 in Armour
   667 | D        | Reached skill level 5 in Dodging
   667 | D        | Reached skill level 1 in Stealth
   667 | D        | Reached XP level 6. HP: 67/67 MP: 5/5
   676 | D        | Killed a human
   765 | D        | Found a glowing silver altar of Zin.
   765 | D        | Found a glowing golden altar of the Shining One.
   765 | D        | Found a white marble altar of Elyvilon.
   767 | D        | Noticed a deep elf pyromancer
   775 | D        | Noticed a fire elemental
   780 | D        | Noticed a fire elemental
   785 | D        | HP: 1/68 [fire elemental[a deep elf pyromancer] (14)]
   787 | D        | Mangled by a fire elemental

Illustrated notes

Levels and vault maps discovered:
D:        dungeon_sprint_mu [sprint_mu_entry_forest, sprint_mu_temple_rooms,
          sprint_mu_d1_horrors, sprint_mu_d2_genie, sprint_mu_d3_branching,
          sprint_mu_orc_legion, sprint_mu_elf_gauntlet, sprint_mu_hive_nellie,
          sprint_mu_lair_fedhas, sprint_mu_vaults_butterflies,
          sprint_mu_slime_circle, sprint_mu_swamp_cave, sprint_mu_shoals_archi,
          sprint_mu_blade_basic, sprint_mu_crypt_chambers,
          sprint_mu_tomb_spiral, sprint_mu_vestibule_basic,
          sprint_mu_gehenna_hellfire, sprint_mu_dis_giant,
          sprint_mu_tartarus_statrot, sprint_mu_cocytus_islands, sprint_mu_zot1]

Skill      XL: |  1  2  3  4  5  6 |
---------------+-------------------+-----
Fighting       | 5 7 8 10 11 | 11.3
Long Blades    | 5 7 9 10 11 | 11.7
Armour         | 3 4 5 |  5.7
Dodging        | 3 4 5 |  5.5
Stealth        | 1 |  1.3

Action                   |  1- 3 |  4- 6 || total
-------------------------+-------+-------++-------
Melee: Falchion          |    21 |    32 ||    53
       Headbutt          |     5 |     7 ||    12
       Kick              |       |    11 ||    11
Invok: Berserk           |     2 |     3 ||     5
  Use: Potion            |     3 |     1 ||     4
Armor: Animal skin       |     1 |     8 ||     9
Dodge: Dodged            |     8 |    14 ||    22
